 Dungeon Crawl Stone Soup version 0.19.5 (webtiles) character file.

170 McKennaii the Magician (level 5, -6/28 HPs)
             Began as a Deep Elf Fire Elementalist on May 7, 2017.
             Mangled by a scorpion (9 damage)
             ... on level 4 of the Dungeon.
             The game lasted 00:05:08 (2788 turns).

McKennaii the Magician (Deep Elf Fire Elementalist) Turns: 2788, Time: 00:05:08

Health: -6/28      AC:  3    Str:  5    XL:     5   Next: 26%
Magic:  7/14       EV: 13    Int: 21    God:
Gold:   184        SH:  0    Dex: 15    Spells: 3 memorised, 7 levels left

rFire  . . .     SeeInvis .     (no weapon)
rCold  + . .     Gourm    .     m - +0 robe {rC+}
rNeg   . . .     Faith    .     (no shield)
rPois  .         Spirit   .     (no helmet)
rElec  .         Reflect  .     (no cloak)
rCorr  .         Harm     .     k - +0 pair of gloves
MR     .....                    (no boots)
Stlth  ++........               (no amulet)
                                (no ring)
                                (no ring)

@: lethally poisoned (-6 -> -24), very slightly contaminated
A: no striking features
a: no special abilities


You were on level 4 of the Dungeon.
You were not hungry.

You visited 1 branch of the dungeon, and saw 4 of its levels.

You collected 184 gold pieces.

Inventory:

Armour
 k - a +0 pair of gloves (worn)
 m - a +0 robe of cold resistance (worn)
Scrolls
 a - 2 scrolls of teleportation {unknown}
 d - a scroll of remove curse {unknown}
 e - a scroll of noise {unknown}
 g - 4 scrolls of identify {unknown}
 p - a scroll of enchant armour {unknown}
 q - a scroll of fear {unknown}
Potions
 f - 2 potions of haste {unknown}
 h - a potion of flight {unknown}
 i - a potion of mutation {unknown}
 j - a potion of brilliance {unknown}
 n - a potion of heal wounds {unknown}
 r - a potion of cure mutation {unknown}
Books
 b - a book of Flames

   Spells                             Type                      Level
   a - Flame Tongue                   Conjuration/Fire             1
   b - Throw Flame                    Conjuration/Fire             2
   c - Conjure Flame                  Conjuration/Fire             3
   d - Inner Flame                    Hexes/Fire                   3
   e - Sticky Flame                   Conjuration/Fire             4
   f - Fireball                       Conjuration/Fire             5
Comestibles
 c - 3 bread rations
 l - a slice of pizza
 o - a meat ration
 s - 3 fruits


   Skills:
 + Level 2.7 Dodging
 + Level 3.5 Stealth
 + Level 4.6 Spellcasting
 + Level 2.5 Conjurations
 + Level 4.6 Fire Magic


You had 7 spell levels left.
You knew the following spells:

 Your Spells              Type           Power        Failure   Level  Hunger
a - Flame Tongue          Conj/Fire      ###..        2%          1    None
b - Throw Flame           Conj/Fire      ###...       4%          2    #......
c - Conjure Flame         Conj/Fire      ###.....     10%         3    ##.....


Dungeon Overview and Level Annotations

Branches:
Dungeon (4/15)
 Temple: D:4-7

Altars:
Qazlal

Annotations:
D:4 DasRunzen's ghost, weakling DgWn


Message History

Aiming: Flame Tongue
Press: ? - help, Shift-Dir - straight line, f/p - scorpion
Aim: a scorpion (moderately wounded)
The flame tongue hits the scorpion.
The scorpion is severely wounded.
You feel sick. The scorpion stings you!
* * * LOW HITPOINT WARNING * * *
You are more poisoned.
The scorpion poisons you!
Casting: Flame Tongue
Confirm with . or Enter, or press ? or * to list all spells.
Aiming: Flame Tongue
Press: ? - help, Shift-Dir - straight line, f/p - scorpion
Aim: a scorpion (severely wounded)
You miscast Flame Tongue.
You are very lightly contaminated with residual magic.
Nothing appears to happen.
* * * LOW HITPOINT WARNING * * *
You feel sick. The scorpion stings you!
You die...

###########
......s@..#
#########.#
#.##### #.รท...#
###########.....#
#...............#
#.#########....<#
########.#
#.....#
#..(.....#
#.#.###


You could see a scorpion.

Vanquished Creatures
  A hound (D:4)
  3 gnolls (D:2)
  3 adders
  2 oozes
  2 worms
  2 dart slugs
  2 leopard geckos
  3 orcs
  7 bats
  2 giant cockroaches
  13 goblins
  7 hobgoblins
  4 frilled lizards
  4 kobolds
  11 rats
66 creatures vanquished.

Notes
Turn   | Place    | Note
-------+----------+-------------------------------------------
     0 | D:1      | McKennaii the Deep Elf Fire Elementalist began the quest for the Orb.
     0 | D:1      | Reached XP level 1. HP: 10/10 MP: 6/6
   411 | D:1      | Reached XP level 2. HP: 15/15 MP: 5/8
   628 | D:2      | Reached XP level 3. HP: 19/19 MP: 5/10
   905 | D:1      | You fall through a shaft!
  1067 | D:2      | Reached XP level 4. HP: 24/24 MP: 0/12
  1533 | D:2      | Found a faded altar of an unknown god.
  1856 | D:3      | Found a stormy altar of Qazlal.
  2368 | D:3      | Reached XP level 5. HP: 28/28 MP: 11/13
  2523 | D:4      | Learned a level 2 spell: Throw Flame
  2527 | D:4      | Learned a level 3 spell: Conjure Flame
  2549 | D:4      | Noticed DasRunzen's ghost (weakling DgWn)
  2788 | D:4      | Mangled by a scorpion

Skill      XL: |  1  2  3  4 |
---------------+-------------+-----
Stealth        | 3 |  3.5
Fire Magic     | 4 |  4.6
Spellcasting   | 4 |  4.6
Conjurations   | 2 |  2.5
Dodging        | |  2.7

Action                   |  1- 3 |  4- 6 || total
-------------------------+-------+-------++-------
Melee: Unarmed           |     1 |     7 ||     8
 Cast: Flame Tongue      |    53 |    72 ||   125
       Conjure Flame     |       |     1 ||     1
  Eat: Chunk             |       |     6 ||     6
Armor: Robe              |       |     7 ||     7
Dodge: Dodged            |    21 |    16 ||    37
